 Dungeon Crawl Stone Soup version 0.22-a0-181-gb22368a (webtiles) character file.

237 Amnesiac the Digger (level 5, 0/35 HPs)
             Began as a Mummy Earth Elementalist on Feb 14, 2018.
             Slain by an orc
             ... wielding a +0 long sword
              (2 damage)
             ... on level 3 of the Dungeon.
             The game lasted 00:02:14 (2765 turns).

Amnesiac the Digger (Mummy Earth Elementalist)      Turns: 2765, Time: 00:02:16

Health: 0/35       AC:  3    Str: 11    XL:     5   Next: 77%
Magic:  11/11      EV: 12    Int: 15    God:
Gold:   85         SH:  0    Dex: 13    Spells: 10/13 levels left

rFire    x . .     SeeInvis .   m - +4 quarterstaff (chaos)
rCold    + . .     Gourm    .   (shield currently unavailable)
rNeg     + + +     Faith    .   c - +0 robe
rPois    ∞         Spirit   .   (no helmet)
rElec    .         Reflect  .   l - +0 cloak
rCorr    .         Harm     .   (no gloves)
MR       .....                  (no boots)
Stlth    ++........             (no amulet)
HPRegen  0.11/turn              (no ring)
MPRegen  0.12/turn              (no ring)

@: no status effects
A: no food or potions, fire vulnerability, cold resistance 1, negative energy
resistance 3, torment resistance, unbreathing
a: no special abilities


You were on level 3 of the Dungeon.
You were not hungry.

You visited 1 branch of the dungeon, and saw 3 of its levels.

You collected 85 gold pieces.

Inventory:

Hand Weapons
 f - a +0 dagger
 m - a +4 quarterstaff of chaos (weapon)
Missiles
 b - 72 stones (quivered)
 o - 3 needles of confusion
Armour
 c - a +0 robe (worn)
 l - a +0 cloak (worn)
Jewellery
 j - a cursed ring of teleportation {unknown}
Scrolls
 a - 2 scrolls of amnesia {!r, unknown}
 e - 2 scrolls of teleportation {!r, unknown}
 g - 2 scrolls of remove curse {!r, unknown}
 h - a scroll of identify {!r, unknown}
 i - a scroll of magic mapping {!r, unknown}
 k - a scroll of enchant weapon {!r, unknown}
 n - a scroll of enchant armour {!r, unknown}
Books
 d - a book of Geomancy

   Spells                             Type                      Level
   a - Sandblast                      Earth                        1
   b - Passwall                       Transmutation/Earth          2
   c - Stone Arrow                    Conjuration/Earth            3
   d - Petrify                        Transmutation/Earth          4
   e - Lee's Rapid Deconstruction     Earth                        5


   Skills:
 - Level 1.0 Short Blades
 - Level 1.5 Dodging
 - Level 1.5 Stealth
 + Level 4.5 Spellcasting
 - Level 0.7 Transmutations
 * Level 4.5 Earth Magic


You had 10 spell levels left.
You knew the following spells:

 Your Spells              Type           Power        Failure   Level  Hunger
a - Sandblast             Erth           ###...       2%          1    N/A
b - Passwall              Tmut/Erth      ##........   9%          2    N/A

Dungeon Overview and Level Annotations

Branches:
Dungeon (3/15)

Altars:
Kikubaaqudgha
Ru


Innate Abilities, Weirdness & Mutations

You do not eat or drink.
Your flesh is vulnerable to fire.
You are immune to poison.
Your flesh is cold resistant. (rC+)
You are immune to negative energy. (rN+++)
You are immune to unholy pain and torment.
You can survive without breathing.


Message History

No target in view!
No target in view!
You see here an adder corpse.
Found a mace.
No target in view!
A bat comes into view.
A bat is nearby!
The bat barely misses you. x2
A bat is nearby!
You barely miss the bat. The bat barely misses you. x2
You barely miss the bat. The bat hits you. The bat barely misses you. x2
A bat is nearby!
You hit the bat.
You kill the bat!
Found a ration.
No target in view!
Unknown command.
The orc shouts!
You hear a shout!
The orc is too close now for your liking.
An orc is nearby!
An orc is nearby!
An orc is nearby!
You thump the orc! Lightning courses through the orc!
You kill the orc!
No target in view!
No target in view!
No target in view!
You see here a flail.
An orc wizard comes into view. It is wielding a dagger of venom.
The orc priest shouts!
The orc wizard shouts!
The orc wizard casts a spell.
The orc wizard seems to speed up.
There are monsters nearby!
There are monsters nearby!
The orc wizard mumbles some strange words.
The orc wizard blinks!
The orc priest closely misses you.
You hit the orc priest.
The orc priest is lightly wounded.
The orc priest hits you with a dagger. The orc priest closely misses you.
You hit the orc priest but do no damage.
The orc priest emits a flash of light!
The orc priest is lightly wounded.
The orc priest begins to cast a cantrip, but forgets the words!
The orc wizard gestures wildly while chanting.
The orc wizard blinks!
You thump the orc priest! You burn the orc priest.
The orc priest is severely wounded.
The orc wizard barely misses you. The orc priest barely misses you.
The orc wizard zaps a wand.
The bolt of acid misses you.
It is a wand of acid (7).
You sock the orc priest!
You kill the orc priest!
The orc wizard zaps a wand.
The bolt of acid hits you!
Ouch! That really hurt!
* * * LOW HITPOINT WARNING * * *
You are splashed with acid!
The acid burns!
* * * LOW HITPOINT WARNING * * *
The orc wizard hits you but does no damage.
You are too injured to fight recklessly!
You are too injured to fight recklessly!
You hit the orc wizard.
Nothing appears to happen.
The orc wizard is moderately wounded.
The orc wizard barely misses you. The orc hits you with a long sword.
You die...

#.# #.# ###.# #.#
#...# #.#
#..≈###########
#.≈........≈≈#
#..≈.≈.≈.≈._≈#
#.≈......[.≈≈# #
#..≈############.#####
##### #.....#@o......
### #.# #o#######. #..
... #.....# #.# #.#
#####.# #.# #.# #.#
#.# #.# #.# ###.# #.#
#)# ..#.#### #.# #.#
.......###.########.#


You could see an orc wizard and an orc.

Vanquished Creatures
  The ghost of pyroka the Vandal, an amateur HaHu (D:3)
  An orc priest (D:3)
  Crazy Yiuf (D:2)
  4 adders
  An ooze (D:3)
  2 worms
  5 orcs (D:3)
  3 bats
  6 giant cockroaches
  3 goblins
  7 hobgoblins
  3 jackals (D:2)
  5 kobolds
  A quokka (D:2)
  4 frilled lizards
  7 rats
54 creatures vanquished.

Notes
Turn   | Place    | Note
-------+----------+-------------------------------------------
     0 | D:1      | Amnesiac the Mummy Earth Elementalist began the quest for the Orb.
     0 | D:1      | Reached XP level 1. HP: 13/13 MP: 4/4
   363 | D:1      | Reached XP level 2. HP: 19/19 MP: 2/5
   367 | D:1      | Learned a level 2 spell: Passwall
  1037 | D:2      | Reached XP level 3. HP: 12/24 MP: 2/7
  1392 | D:2      | Found an ancient bone altar of Kikubaaqudgha.
  1422 | D:2      | Found a runed door.
  1475 | D:2      | Reached XP level 4. HP: 30/30 MP: 5/9
  1905 | D:2      | Noticed Crazy Yiuf
  1911 | D:2      | Killed Crazy Yiuf
  1911 | D:2      | Reached skill level 1 in Short Blades
  2228 | D:3      | Noticed pyroka's ghost (amateur HaHu)
  2236 | D:3      | Killed pyroka's ghost
  2236 | D:3      | Reached XP level 5. HP: 8/35 MP: 9/11
  2619 | D:3      | Found a sacrificial altar of Ru.
  2765 | D:3      | Slain by an orc

Vault maps used:
D:1:      tarquinn_simple_flora_water_a, feat_on_display
D:2:      overflow_temple_1_default, uniq_crazy_yiuf_cottage
D:3:      nicolae_ru_path_of_blood

Skill      XL: |  1  2  3  4 |
---------------+-------------+-----
Spellcasting   | 3 4 |  4.5
Earth Magic    | 3 4 |  4.5
Short Blades   | 1 |  1.0
Dodging        | |  1.5
Stealth        | |  1.5
Transmutations | |  0.7

Action                   |  1- 3 |  4- 6 || total
-------------------------+-------+-------++-------
Melee: Dagger            |     9 |       ||     9
       Quarterstaff      |       |    44 ||    44
 Cast: Sandblast         |    58 |     9 ||    67
Armor: Robe              |     3 |     8 ||    11
Dodge: Dodged            |    33 |    29 ||    62

Table legend:
 A = Spawn XP
 B = Non-spawn XP
 C = Spawn XP percentage of total XP
 D = Spawn monster count
 E = Non-spawn monster count
 F = Spawn count percentage of total count
 G = Total turns spent on level
                    A         B        C        D         E        F      G
               +---------+---------+-------+---------+---------+-------+---------
         Total |       0 |     339 |   0.0 |       0 |      54 |   0.0 |  2765
               +---------+---------+-------+---------+---------+-------+---------
           D:1 |       0 |      32 |   0.0 |       0 |      19 |   0.0 |   942
           D:2 |       0 |     109 |   0.0 |       0 |      19 |   0.0 |  1209
           D:3 |       0 |     198 |   0.0 |       0 |      16 |   0.0 |   614
               +---------+---------+-------+---------+---------+-------+---------
